 Dungeon Crawl Stone Soup version 0.26-a0-146-g24f6d3962c (webtiles) character file.

Game seed: 13386101549514707692

32216 Gargoyl the Basher (level 13, -7/108 HPs)
             Began as a Centaur Abyssal Knight on June 29, 2020.
             Was a High Priest of Lugonu.
             Mangled by a titanic slime creature (72 damage)
             ... on level 11 of the Dungeon on June 30, 2020.
             The game lasted 00:24:25 (22068 turns).

Gargoyl the Basher (Centaur Abyssal Knight)        Turns: 22068, Time: 00:24:26

Health: -7/108     AC: 38    Str: 22    XL:     13   Next: 30%
Magic:  20/20      EV:  6    Int: 11    God:    Lugonu [*****.]
Gold:   3647       SH:  0    Dex: 14    Spells: 12/12 levels left

rFire    . . .     SeeInvis +   e - +8 great mace of the Thing {vorpal, MR+ Str+7}
rCold    + . .     Faith    .   (shield currently unavailable)
rNeg     + . .     Spirit   .   h - +10 plate armour {ponderous}
rPois    .         Reflect  .   r - +2 helmet {SInv}
rElec    .         Harm     .   f - +0 cloak
rCorr    .                      s - +0 pair of gloves
MR       +....                  p - +2 centaur barding
Stlth    ..........             (no amulet)
HPRegen  0.28/turn              G - ring of positive energy
MPRegen  0.17/turn              n - ring of see invisible

@: quick
A: large, hooves 3, thin metallic scales 2, camouflage 1, cold resistance 1,
deformed body, speed 2, tough skin 3
a: Depart the Abyss, Bend Space, Banish, Corrupt, Enter the Abyss, Renounce
Religion


You were on level 11 of the Dungeon.
You worshipped Lugonu.
Lugonu was extremely pleased with you.
You were not hungry.

You visited 2 branches of the dungeon, and saw 17 of its levels.
You visited the Abyss 2 times.
You also visited: Sewer.

You collected 3845 gold pieces.
You spent 198 gold pieces at shops.

Inventory:

Hand Weapons
 a - a +1 hand axe
 e - the +8 great mace of the Thing (weapon) {vorpal, MR+ Str+7}
   (You found it on level 2 of the Abyss)

   It inflicts extra damage upon your enemies.
   It affects your strength (+7).
   It affects your resistance to hostile enchantments.
 E - a +5 hand axe of venom
Missiles
 w - 6 silver javelins (quivered)
Armour
 f - a +0 cloak (worn)
 h - a +10 plate armour of ponderousness (worn)
 p - a +2 centaur barding (worn)
 r - a +2 helmet of see invisible (worn)
 s - a +0 pair of gloves (worn)
Jewellery
 m - an uncursed ring of protection from fire
 n - a ring of see invisible (right hand)
 q - an uncursed ring of protection from fire
 G - a ring of positive energy (left hand)
Wands
 z - a wand of iceblast (12)
 D - a wand of paralysis (18)
 F - a wand of enslavement (10)
 I - a wand of disintegration (30)
 J - a wand of clouds (4)
Scrolls
 g - 2 scrolls of identify
 i - 9 scrolls of teleportation
 l - 13 scrolls of remove curse
 y - 2 scrolls of fog
Potions
 d - 4 potions of lignification
 j - 3 potions of might
 o - a potion of mutation
 t - 3 potions of haste
 u - 5 potions of brilliance
 v - a potion of ambrosia
 x - 4 potions of flight
 A - 3 potions of stabbing
 C - 3 potions of magic
Comestibles
 c - 28 rations


   Skills:
 + Level 8.4 Fighting
 + Level 2.1(8.5) Axes
 + Level 12.5(12.6) Maces & Flails
 + Level 0.4 Throwing
 * Level 8.4 Armour
 * Level 6.8 Dodging
 * Level 10.2 Invocations


You had 12 spell levels left.
You didn't know any spells.
Your spell library contained the following spells:

 Spells                   Type           Power        Failure   Level  Hunger
 Beastly Appendage        Tmut           #.....       99%         1    ##.....
 Corpse Rot               Necr/Air       N/A          100%        2    ###....
 Sticks to Snakes         Tmut           #.......     100%        2    ###....
 Sublimation of Blood     Necr           #.........   100%        2    ###....
 Ignite Poison            Fire/Tmut/Pois #.......     100%        3    ####...
 Spider Form              Tmut/Pois      #.........   100%        3    ####...
 Dispel Undead            Necr           #.......     100%        4    #####..
 Ice Form                 Ice/Tmut       #.......     100%        4    #####..
 Petrify                  Tmut/Erth      #.......     100%        4    #####..
 Summon Lightning Spire   Summ/Air       #.......     100%        4    #####..
 Agony                    Necr           #.......     100%        5    ######.
 Alistair's Intoxication  Tmut/Pois      #.......     100%        5    ######.
 Blade Hands              Tmut           #.........   100%        5    ######.
 Excruciating Wounds      Chrm/Necr      #.........   100%        5    ######.
 Fireball                 Conj/Fire      #.........   100%        5    ######.
 Irradiate                Conj/Tmut      #.........   100%        5    ######.
 Silence                  Hex/Air        #.........   100%        5    ######.
 Conjure Ball Lightning   Conj/Air       #.........   100%        6    #######
 Eringya's Noxious Bog    Tmut/Pois      #.........   100%        6    #######
 Starburst                Conj/Fire      #.........   100%        6    #######
 Ring of Flames           Chrm/Fire      #.........   100%        7    #######
 Ignition                 Fire           #.........   100%        8    #######
 Tornado                  Air            #.........   100%        9    #######


Dungeon Overview and Level Annotations

Branches:
Dungeon (12/15)            Temple (0/1) D:5            Lair (5/6) D:8
 Shoals (0/4) Lair:2       Spider (0/4) Lair:2          Orc (0/2) D:9
  Sewer (visited)
  Slime: Lair:5-6

Altars:
Ashenzari
Cheibriados
Elyvilon
Fedhas
Hepliaklqana
Okawaru
Ru
Trog
Xom
The Shining One

Shops:
D:5 ?   D:6 (   D:9 :

Annotations:
D:5 exclusion: oklob plant
Lair:1 1 runed translucent door, hemabe71's ghost, journeyman HuAr
Abyss:1 Sonja


Innate Abilities, Weirdness & Mutations

You have hooves in place of feet.
Armour fits poorly on your strangely shaped body.
You cover ground very quickly.
You have extremely tough skin. (AC +3)
You are mostly covered in thin metallic scales. (AC +3)
Your skin changes colour to match your surroundings (Stealth+).
Your flesh is cold resistant. (rC+)


Message History

a +0 battleaxe; a +0 plate armour
There is a stone staircase leading up here.
You climb upwards.
There is a stone staircase leading down here.
You start resting.
Eating one of 3 chunks of flesh.
You eat one of the 3 chunks of flesh.
This raw flesh tastes terrible.
All of the chunks of flesh in your inventory have rotted away.
HP restored.
You climb downwards.
The titanic slime creature hits you!!
There is a stone staircase leading up, spattered with blood here.
The titanic slime creature hits you!!
You climb upwards.
There is a stone staircase leading down here.
You thump the titanic slime creature!
The titanic slime creature is lightly wounded.
The titanic slime creature hits you but does no damage.
The titanic slime creature hits you!!!!
Ouch! That really hurt!
You die...

#.##..#####.#..# #..
#...........#..###..
#.#...###...........
#####...###..##..#....
#.........#..##.......
#.##..................
#.##....#.#..###..##+#
#.##.J..#.#....#..##.#
#.##.@................
#.##....#....#.##.####
#.###.#.######.......#
#.###.#+#########.##.#
#.....................
#.........#######.#...
#.........# #.....
#<........# #.....
#.[.......# #.....


You could see a titanic slime creature.

Vanquished Creatures
  Fannar (Lair:3)
  A hydra (D:11)
  A death knight (D:11)
  3 two-headed ogres
  3 manticores
  3 ugly things (D:11)
  A slime creature (D:12)
  5 black mambas
  4 elephants (Lair:2)
  2 centaur skeletons
  8 spiny frogs
  2 rime drakes
  An ice devil (Abyss:2)
  3 komodo dragons
  A kobold demonologist (D:11)
  2 jumping spiders (Lair:2)
  A queen bee (Lair:3)
  7 blink frogs
  9 hippogriffs
  A redback (Lair:2)
  15 yaks
  A spriggan (D:8)
  3 wyverns
  A basilisk (Lair:2)
  5 hungry ghosts
  6 water moccasins
  A two-headed ogre zombie (D:9)
  7 porcupines
  A small abomination (Abyss:2)
  Purgy (Sewer)
  4 sky beasts
  7 orc warriors
  An ice beast (D:10)
  2 black bears
  A hornet zombie (D:11)
  An eye of draining (D:8)
  8 ogres
  5 phantoms
  2 centaurs
  7 crocodiles
  4 big kobolds (D:11)
  18 bullfrogs
  8 scorpions
  A troll zombie (D:9)
  30 killer bees
  3 electric eels (Lair:2)
  9 howler monkeys
  4 wights
  A crimson imp (D:6)
  4 lava snakes (D:10)
  2 quasits
  7 hounds
  A jelly (D:8)
  A bullfrog zombie (D:10)
  A bullfrog skeleton (D:5)
  9 orc priests
  8 orc wizards
  4 worker ants
  A killer bee zombie (D:6)
  6 ogre zombies (D:9)
  2 hound zombies
  A worker ant zombie (D:6)
  3 gnolls
  10 adders
  7 river rats (D:5)
  2 shadow imps
  3 oozes
  3 adder skeletons
  A worm (D:2)
  6 dart slugs
  5 leopard geckos
  28 orcs
  2 ball pythons
  15 bats
  5 giant cockroaches
  14 goblins
  16 hobgoblins
  14 jackals
  26 kobolds
  11 quokkas
  7 frilled lizards
  A goblin skeleton (D:9)
  3 goblin zombies (D:9)
  3 hobgoblin skeletons (D:9)
  3 hobgoblin zombies (D:9)
  2 jackal skeletons (D:7)
  3 orc skeletons (D:9)
  12 orc zombies (D:9)
  2 quokka skeletons
  21 rats
491 creatures vanquished.

Vanquished Creatures (others)
  18 fungi
  8 plants
  14 toadstools (D:5)
40 creatures vanquished.

Grand Total: 531 creatures vanquished

Notes
Turn   | Place    | Note
-------+----------+-------------------------------------------
     0 | Abyss:1  | Gargoyl the Centaur Abyssal Knight began the quest for the
                  | Orb.
     0 | Abyss:1  | Reached XP level 1. HP: 19/19 MP: 2/2
    57 | Abyss:2  | Got a scorched great mace
    58 | Abyss:2  | Identified the +8 great mace of the Thing {vorpal, MR+
                  | Str+7} (You found it on level 2 of the Abyss)
    70 | Abyss:2  | Noticed a thrashing horror
    71 | D:1      | Escaped the Abyss
   232 | D:1      | Reached XP level 2. HP: 9/26 MP: 3/3
   737 | D:1      | Reached XP level 3. HP: 30/31 MP: 4/4
   741 | D:1      | Reached * piety under Lugonu
  1109 | D:1      | Reached skill level 1 in Maces & Flails
  1476 | D:2      | Reached skill level 1 in Dodging
  1549 | D:2      | Reached XP level 4. HP: 38/38 MP: 4/6
  1918 | D:2      | Reached ** piety under Lugonu
  2297 | D:3      | Reached skill level 2 in Maces & Flails
  2774 | D:2      | Reached XP level 5. HP: 17/45 MP: 7/7
  3077 | D:3      | Found an iron altar of Okawaru.
  3442 | D:3      | Found a sacrificial altar of Ru.
  3538 | D:3      | Reached *** piety under Lugonu
  3634 | D:3      | Found a faded altar of an unknown god.
  3946 | D:4      | Noticed a phantom
  3948 | D:4      | Killed a phantom
  3948 | D:4      | Reached skill level 3 in Maces & Flails
  3948 | D:4      | Reached XP level 6. HP: 52/52 MP: 8/8
  4202 | D:4      | Reached XP level 7. HP: 50/58 MP: 9/9
  4402 | D:4      | Reached skill level 4 in Maces & Flails
  4981 | D:5      | Entered Level 5 of the Dungeon
  5065 | D:5      | Found Heott's Magic Scroll Shop.
  5104 | D:5      | Found a staircase to the Ecumenical Temple.
  5280 | D:5      | Found a blossoming altar of Fedhas.
  5292 | D:5      | Noticed an oklob plant
  5356 | D:5      | Found a glowing drain.
  5360 | Sewer    | Entered a sewer
  5363 | Sewer    | Noticed Purgy
  5366 | Sewer    | Killed Purgy
  5611 | D:5      | Found a bloodstained altar of Trog.
  5614 | D:5      | Found a white marble altar of Elyvilon.
  5617 | D:5      | Found a snail-covered altar of Cheibriados.
  5769 | D:5      | Reached skill level 5 in Maces & Flails
  5769 | D:5      | Reached XP level 8. HP: 66/66 MP: 11/11
  5801 | D:5      | Reached **** piety under Lugonu
  6555 | D:6      | Gained mutation: You are surrounded by a mild repulsion
                  | field. (EV +2) [potion of mutation]
  6555 | D:6      | Gained mutation: You are frail. (-10% HP) [potion of
                  | mutation]
  6555 | D:6      | Lost mutation: You are frail. (-10% HP) [potion of
                  | mutation]
  6555 | D:6      | Gained mutation: You evolve. [potion of mutation]
  6727 | D:6      | Reached skill level 5 in Invocations
  6737 | D:6      | Reached skill level 6 in Maces & Flails
  7075 | D:6      | Found Umuarph Bify's Antique Weapon Boutique.
  7083 | D:6      | Bought a glowing hand axe for 198 gold pieces
  7515 | D:7      | Noticed a hippogriff
  7524 | D:7      | Killed a hippogriff
  7524 | D:7      | Reached XP level 9. HP: 53/72 MP: 13/13
  8239 | D:7      | Reached skill level 7 in Maces & Flails
  8848 | D:8      | Reached skill level 5 in Armour
  9179 | D:8      | Reached skill level 5 in Fighting
  9285 | D:8      | Found a glowing golden altar of the Shining One.
  9293 | D:8      | Noticed a two-headed ogre
  9301 | D:8      | Killed a two-headed ogre
  9301 | D:8      | Reached skill level 8 in Maces & Flails
  9301 | D:8      | Reached XP level 10. HP: 48/81 MP: 14/14
  9570 | D:8      | Found a hazy altar of Hepliaklqana.
  9586 | D:8      | Reached ***** piety under Lugonu
  9827 | D:8      | Found a staircase to the Lair.
  9952 | D:8      | Noticed a two-headed ogre
  9956 | D:8      | Killed a two-headed ogre
 10444 | D:8      | Reached skill level 9 in Maces & Flails
 10720 | D:9      | Found a staircase to the Orcish Mines.
 10826 | D:9      | Found Suxkuhof's Book Shop.
 11444 | D:9      | Lost mutation: You are surrounded by a mild repulsion
                  | field. (EV +2) [evolution]
 11450 | D:9      | Noticed a two-headed ogre
 11457 | D:9      | Killed a two-headed ogre
 11457 | D:9      | Reached XP level 11. HP: 61/89 MP: 16/16
 11794 | Lair:1   | Entered Level 1 of the Lair of Beasts
 11909 | Lair:1   | Found a runed translucent door.
 11911 | Lair:1   | Found a shimmering altar of Xom.
 11911 | Lair:1   | Noticed hemabe71's ghost (journeyman HuAr)
 11911 | Lair:1   | Noticed a +0 hand axe of chaos
 11944 | Lair:1   | Reached skill level 5 in Dodging
 12441 | Lair:1   | Reached ****** piety under Lugonu
 12542 | Lair:1   | Reached skill level 10 in Maces & Flails
 13004 | Lair:1   | Lost mutation: You evolve. [potion of mutation]
 13004 | Lair:1   | Gained mutation: You are partially covered in thin metallic
                  | scales. (AC +2) [potion of mutation]
 13004 | Lair:1   | Gained mutation: You are mostly covered in thin metallic
                  | scales. (AC +3) [potion of mutation]
 13004 | Lair:1   | Gained mutation: Your skin changes colour to match your
                  | surroundings (Stealth+). [potion of mutation]
 13004 | Lair:1   | Gained mutation: Your flesh is cold resistant. (rC+)
                  | [potion of mutation]
 13148 | Lair:2   | Identified a scroll of acquirement
 13392 | Lair:2   | Found a staircase to the Shoals.
 14217 | Lair:2   | Reached skill level 11 in Maces & Flails
 14217 | Lair:2   | Reached XP level 12. HP: 61/100 MP: 18/18
 14595 | Lair:2   | Found a hole to the Spider Nest.
 15119 | Lair:3   | Noticed Fannar
 15152 | Lair:3   | Killed Fannar
 17260 | Lair:4   | Noticed Sonja
 17267 | Abyss:1  | HP: 1/101 [poisoned by Sonja]
 17460 | Abyss:2  | Noticed a starcursed mass
 17460 | Lair:4   | Escaped the Abyss
 17836 | Lair:4   | Banished Sonja
 18428 | Lair:4   | Reached skill level 12 in Maces & Flails
 19112 | D:10     | Entered Level 10 of the Dungeon
 19735 | D:10     | Found a shattered altar of Ashenzari.
 20248 | D:11     | Noticed a four-headed hydra
 20262 | D:11     | Killed a four-headed hydra
 20267 | D:11     | Reached XP level 13. HP: 107/107 MP: 20/20
 20361 | D:11     | Reached skill level 10 in Invocations
 22068 | D:11     | Mangled by a titanic slime creature

Illustrated notes

Levels and vault maps discovered:
D:1:      saegor_arrival_simple_d, layout_loops_ring, minmay_hexomino_c4
D:2:      layout_basic
D:3:      cheibrodos_greedy_goblins, layout_rooms,
          nicolae_ru_great_annihilating_truth, first_ration,
          chequers_ecumenical_altar_simple_redux, minmay_misc_feat_x,
          minmay_misc_feat_four_crosses, minmay_misc_feat_iff,
          okawaru_ov_weapons_minmay
D:4:      layout_loops_cross
D:5:      lemuel_ratsnest, layout_loops_ring, grunt_temple_overflow_diamond,
          minmay_temple_entry_offerings, serial_shops, shop,
          gup_sewer_entry_bowl, minivault_25, tgw_fedhas
D:6:      layout_gridville, serial_shops, shop, st_stairs_9
D:7:      layout_layer_cave
D:8:      layout_basic, nicolae_overflow_hidden_temple,
          grunt_lair_entry_orc_guard_hut, basic_altar, grunt_pizzeria,
          minmay_bent
D:9:      layout_basic, zombieorc2_lemuel, serial_shops, shop_statue,
          kennysheep_diamond
D:10:     erik_rubicon_a, layout_basic, ashenzari_altar_1
D:11:     layout_basic, kennysheep_generic_room_2
D:12:     layout_roguey, st_stairs_1
Lair:1:   layout_cave_shapes, ebering_ghost_xom, grunt_megastairs_3,
          lemuel_fruit_tree
Lair:2:   layout_gridlike, minmay_shoals_entry_beasts, spider_nest_entry_a,
          serial_bayou, serial_bayou_crossing, serial_bayou_lake_a,
          serial_bayou_pond_b, serial_bayou_lagoon_a
Lair:3:   layout_roguey [special_room_bee], grunt_megastairs_5, uniq_fannar
Lair:4:   layout_gridlike, chequers_serial_rivers_micro_b, uniq_sonja
Lair:5:   layout_roguey, slime_altar_1

Skill      XL: |  1  2  3  4  5  6  7  8  9 10 11 12 13 |
---------------+----------------------------------------+-----
Axes           | 2 |  2.1
Maces & Flails | 1 2 3 5 6 8 9 11 12 | 12.5
Dodging        | 1 2 3 4 5 6 |  6.8
Armour         | 2 3 4 5 6 7 8 |  8.4
Invocations    | 3 4 5 6 7 8 9 10 | 10.2
Fighting       | 4 5 6 7 8 |  8.4
Throwing       | |  0.4

Action                   |  1- 3 |  4- 6 |  7- 9 | 10-12 | 13-15 || total
-------------------------+-------+-------+-------+-------+-------++-------
Melee: Great mace        |    78 |   132 |   258 |   611 |   132 ||  1211
       Kick              |    10 |    21 |    60 |   152 |    38 ||   281
Throw: Javelin           |       |       |       |     5 |       ||     5
Invok: Depart the Abyss  |     1 |       |       |     1 |       ||     2
       Banish            |       |       |       |     1 |       ||     1
       Enter the Abyss   |       |       |       |     1 |       ||     1
  Use: Scroll            |     7 |     3 |     8 |    14 |     4 ||    36
       Potion            |       |       |     1 |    11 |       ||    12
  Eat: Chunk             |     1 |     7 |    14 |    26 |     7 ||    55
       Ration            |       |       |       |     4 |       ||     4
Armor: Ring mail         |    68 |   130 |       |       |       ||   198
       Chain mail        |       |    40 |   262 |   571 |       ||   873
       Plate armour      |       |       |       |    31 |   175 ||   206
Dodge: Dodged            |    48 |    65 |   109 |   263 |    39 ||   524

Table legend:
 A = Non-vault XP
 B = Vault XP
 C = Vault XP percentage of total XP
 D = Non-vault monster count
 E = Vault monster count
 F = Vault count percentage of total count
                 A         B        C        D         E       F
            +---------+---------+-------+---------+---------+-------
      Total |   34864 |   11159 |  24.2 |     335 |     157 |  31.9
            +---------+---------+-------+---------+---------+-------
        D:1 |      52 |      14 |  21.2 |      23 |       7 |  23.3
        D:2 |     120 |       0 |   0.0 |      31 |       0 |   0.0
        D:3 |      92 |      59 |  39.1 |      17 |      15 |  46.9
        D:4 |     695 |       0 |   0.0 |      21 |       0 |   0.0
        D:5 |     390 |     329 |  45.8 |       9 |      32 |  78.0
        D:6 |     601 |     189 |  23.9 |      15 |       3 |  16.7
        D:7 |    1224 |       0 |   0.0 |      23 |       0 |   0.0
        D:8 |    3342 |    1565 |  31.9 |      32 |      15 |  31.9
        D:9 |    1776 |    1018 |  36.4 |      16 |      38 |  70.4
       D:10 |    1512 |       0 |   0.0 |      18 |       0 |   0.0
       D:11 |    7527 |    1198 |  13.7 |      52 |       4 |   7.1
       D:12 |     627 |       0 |   0.0 |       5 |       0 |   0.0
     Lair:1 |    2244 |     742 |  24.8 |      12 |       2 |  14.3
     Lair:2 |    6484 |    2253 |  25.8 |      25 |       8 |  24.2
     Lair:3 |    3022 |    2832 |  48.4 |      12 |      26 |  68.4
     Lair:4 |    4053 |     820 |  16.8 |      20 |       1 |   4.8
     Lair:5 |     603 |       0 |   0.0 |       2 |       0 |   0.0
    Abyss:2 |     500 |       0 |   0.0 |       2 |       0 |   0.0
      Sewer |       0 |     140 | 100.0 |       0 |       6 | 100.0
            +---------+---------+-------+---------+---------+-------
